 Dungeon Crawl Stone Soup version 0.27.1-35-g4d5d836560 (console) character file.

Game seed: 16022163542330935361

1628 grimtooth the Cleaver (level 8, -4/78 HPs)
             Began as a Hill Orc Gladiator on Apr 6, 2022.
             Was a Follower of Qazlal.
             Slain by a killer bee (8 damage)
             ... on level 5 of the Dungeon.
             The game lasted 00:15:55 (5539 turns).

grimtooth the Cleaver (Hill Orc Gladiator)          Turns: 5539, Time: 00:15:55

Health: -4/78      AC:  8    Str: 14 (17) XL:     8   Next: 97%
Magic:  11/11      EV:  9    Int:  7 (10) God:    Qazlal [*.....]
Gold:   195        SH:  2    Dex: 11 (14) Spells: 7/7 levels left

rFire    . . .     SeeInvis .   a - +1 hand axe (elec)
rCold    . . .     Faith    +   (no shield)
rNeg     . . .     Spirit   .   s - +0 scale mail
rPois    .         Reflect  .   c - +0 helmet
rElec    .         Harm     .   (no cloak)
rCorr    .         Rampage  .   (no gloves)
Will     .....                  (no boots)
Stlth    ..........             m - amulet of faith
HPRegen  0.23/turn              (no ring)
MPRegen  0.12/turn              (no ring)

@: lethally poisoned (-4 -> -7), attractive, hasted, very quick
A: agile 1, deterioration 1
a: Renounce Religion


You were on level 5 of the Dungeon.
You worshipped Qazlal.
Qazlal was aware of your devotion.
You visited 2 branches of the dungeon, and saw 7 of its levels.

You collected 195 gold pieces.

Inventory:

Hand Weapons
 a - a +1 hand axe of electrocution (weapon)
 b - a +0 hunting sling
 j - a +0 war axe
Missiles
 d - 3 throwing nets {=f}
 l - 25 stones (quivered)
 q - 102 arrows
 v - 18 bolts
 x - 3 boomerangs
Armour
 c - a +0 helmet (worn)
 s - a +0 scale mail (worn)
Jewellery
 m - an amulet of faith (around neck)
Wands
 n - a wand of iceblast (6)
 t - a wand of flame (18)
 u - a wand of digging (3)
Scrolls
 e - a scroll of vulnerability {unknown}
 f - a scroll of magic mapping {unknown}
 h - 2 scrolls of fog {unknown}
 k - a scroll of fear
 o - a scroll of summoning {unknown}
 w - a scroll of amnesia {unknown}
 y - a scroll of enchant weapon {unknown}
 A - a scroll of teleportation {unknown}
Potions
 g - a potion of resistance {unknown}
 i - a potion of haste
 r - a potion of flight {unknown}


   Skills:
 - Level 9.0 Fighting
 - Level 9.0 Axes
 - Level 1.7 Throwing
 + Level 4.1 Armour
 - Level 2.4 Dodging
 + Level 5.0 Invocations


You had 7 spell levels left.
You didn't know any spells.
Your spell library was empty.

Dungeon Overview and Level Annotations

Branches:
Dungeon (6/15)             Temple (1/1) D:4

Altars:
Ashenzari
Cheibriados
Elyvilon
Hepliaklqana
Qazlal
Sif Muna
Trog
Uskayaw
The Shining One

Shops:
D:1 (   D:3 =

Annotations:
D:4 Sigmund


Innate Abilities, Weirdness & Mutations

You are agile. (Dex +2)
Your body sometimes deteriorates upon taking damage.


Message History

Lightning courses through the killer bee!!
You kill the killer bee!
Qazlal accepts your kill.
You feel sick.
You are no longer poisoned.
The killer bee closely misses you. The killer bee completely misses you.
Your Armour skill increases to level 4!
Your Invocations skill increases to level 5!
You closely miss the killer bee.
The killer bee is lightly wounded.
The killer bee completely misses you.
You hit the killer bee but do no damage.
The killer bee stings you!
* * * LOW HITPOINT WARNING * * *
You are poisoned.
The killer bee poisons you! The killer bee stings you.
* * * LOW HITPOINT WARNING * * *
You hit the killer bee.
The killer bee is moderately wounded.
You feel sick.
The killer bee stings you but does no damage.
The killer bee stings you.
* * * LOW HITPOINT WARNING * * *
It was a potion of haste.
You feel yourself speed up.
You feel sick. The killer bee stings you.
* * * LOW HITPOINT WARNING * * *
The killer bee stings you but does no damage.
It was a potion of mutation.
You feel extremely strange.
You feel agile.
You feel yourself wasting away.
* * * LOW HITPOINT WARNING * * *
You feel sick. The killer bee closely misses you.
It was a potion of degeneration.
There was something very wrong with that liquid.
You feel weakened.
You feel dopey.
You feel clumsy.
The killer bee stings you but does no damage.
It was a potion of attraction.
You feel attractive to monsters.
* * * LOW HITPOINT WARNING * * *
You feel sick. The killer bee stings you!
You die...

...♣...♣)........#
...P.PPP........##
.P...P..........#
.P..PP..........##
..........#......#
................##
..............###
P.PP...P...(..###
PP yP..##....# ..
.P..###.(.## ≈≈
yP.......y@# ⌠≈
.....#.†## ≈≈
P..#..#... .. P.
###..... .. .
......## ..
.....### .....#
..#.#


You could see a killer bee.

Vanquished Creatures
  2 sky beasts
  A black bear (D:5)
  2 ice beasts (D:5)
  An ogre (D:6)
  A necrophage (D:6)
  A centaur (D:5)
  A phantom (D:5)
  2 scorpions
  4 killer bees (D:5)
  An electric eel (D:6)
  A bullfrog zombie (D:5)
  4 hounds (D:5)
  A centaur skeleton (D:6)
  An orc priest (D:3)
  A jelly (D:6)
  An iguana (D:5)
  An orc wizard (D:5)
  A hound skeleton (D:4)
  A howler monkey zombie (D:6)
  4 gnolls (D:3)
  4 adders
  An adder skeleton (D:5)
  5 worms
  A dart slug (D:2)
  12 orcs
  9 ball pythons
  5 endoplasms
  A giant cockroach (D:3)
  11 goblins
  A hobgoblin (D:2)
  3 jackals (D:2)
  2 quokkas (D:1)
  3 bats
  3 frilled lizards
  6 kobolds
  4 rats
103 creatures vanquished.

Vanquished Creatures (others)
  3 plants
3 creatures vanquished.

Grand Total: 106 creatures vanquished

Notes
Turn   | Place    | Note
-------+----------+-------------------------------------------
     0 | D:1      | grimtooth the Hill Orc Gladiator began the quest for the
                  | Orb.
     0 | D:1      | Reached XP level 1. HP: 18/18 MP: 1/1
   134 | D:1      | Found a faded altar of an unknown god.
   475 | D:1      | Reached XP level 2. HP: 22/25 MP: 2/2
   714 | D:1      | Found Afeowk's Weapon Shop.
  1146 | D:2      | Reached XP level 3. HP: 26/31 MP: 3/3
  1556 | D:2      | Reached skill level 5 in Axes
  1701 | D:2      | Reached XP level 4. HP: 31/40 MP: 4/4
  2520 | D:3      | Reached XP level 5. HP: 47/47 MP: 5/5
  2751 | D:3      | Found Muymp's Jewellery Emporium.
  2830 | D:3      | - hell
  2946 | D:3      | Reached skill level 5 in Fighting
  3632 | D:4      | Found a staircase to the Ecumenical Temple.
  3641 | Temple   | Entered the Ecumenical Temple
  3719 | Temple   | Became a worshipper of Qazlal Stormbringer
  3852 | D:4      | You fall into a shaft and drop 2 floors!
  3959 | D:6      | Reached XP level 6. HP: 55/56 MP: 6/6
  3975 | D:6      | Noticed a necrophage
  3985 | D:6      | Killed a necrophage
  4143 | D:6      | Reached XP level 7. HP: 40/64 MP: 7/7
  4445 | D:5      | Entered Level 5 of the Dungeon
  4564 | D:5      | Reached XP level 8. HP: 59/74 MP: 8/8
  4705 | D:5      | Reached * piety under Qazlal
  4936 | D:4      | Noticed Sigmund
  4965 | D:5      | Reached skill level 1 in Armour
  4965 | D:5      | Reached skill level 1 in Invocations
  5533 | D:5      | Reached skill level 5 in Invocations
  5537 | D:5      | Gained mutation: You are agile. (Dex +2) [potion of
                  | mutation]
  5537 | D:5      | Gained mutation: Your body sometimes deteriorates upon
                  | taking damage. [potion of mutation]
  5539 | D:5      | Slain by a killer bee

Illustrated notes

#..#.......
#....###.##
#.#### #.#
#)#
#.######
#......#
######.#
#.# #.# (
#@# o..
#o###..o..
#o.....o..
#######.##


Turn 2830 on D:3: - hell

Levels and vault maps discovered:
D:1:      dpeg_arrival_rooms_c, layout_loops_corners,
          ebering_ecumenical_altar_hall, serial_shops, shop,
          minmay_misc_feat_iff
D:2:      layout_basic, serial_forest, infiniplex_forest_clump_medium,
          infiniplex_forest_clump_double, infiniplex_forest_diagonal,
          infiniplex_forest_end_1, infiniplex_forest_lined_2,
          infiniplex_forest_clump_double, infiniplex_forest_diagonal,
          infiniplex_forest_3_way, infiniplex_forest_lined_2, st_stairs_7
D:3:      layout_loops_ring, serial_shops, shop, st_stairs_9
D:4:      layout_basic, minmay_temple_entry_arrows, serial_shops,
          kennysheep_little_box, st_stairs_10, hangedman_decor_clover_reticule,
          uniq_sigmund
D:5:      layout_cave_pools, serial_park, serial_park_gazebo
          [serial_park_minivault_5x5_2], serial_park_tiny_1, serial_park_paths
          [serial_park_minivault_5x5_5], serial_park_tiny_pond,
          serial_park_square3 [serial_park_minivault_5x5_4], uniq_prince_ribbit1
D:6:      wad_lake_hut, layout_basic, nemelex_spade_bored_becter,
          kennysheep_generic_room_5
Temple:   dpeg_five_rooms_temple

Skill      XL: |  1  2  3  4  5  6  7  8 |
---------------+-------------------------+-----
Fighting       | 3 4 5 6 7 9 |  9.0
Axes           | 5 6 7 9 |  9.0
Armour         | 4 |  4.1
Invocations    | 5 |  5.0
Throwing       | |  1.7
Dodging        | |  2.4

Action                   |  1- 3 |  4- 6 |  7- 9 || total
-------------------------+-------+-------+-------++-------
Melee: War axe           |    35 |       |       ||    35
       Hand axe          |    38 |    91 |   110 ||   239
 Fire: Hunting sling     |     8 |    60 |    37 ||   105
Throw: Stone             |     4 |       |     5 ||     9
Evoke: Wand              |       |     3 |       ||     3
  Use: Scroll            |     1 |     1 |       ||     2
       Potion            |       |       |     4 ||     4
 Stab: Sleeping          |     1 |       |       ||     1
Armor: Ring mail         |    18 |     5 |       ||    23
       Leather armour    |     2 |       |       ||     2
       Scale mail        |       |    36 |    46 ||    82
Dodge: Dodged            |    45 |    45 |    52 ||   142
Block: Other             |       |       |     3 ||     3
